Map: King Sejong Station LE

Players

meeK - Winner!

  • Race: Protoss Protoss
  • League: Master
  • Spawn Location: 11:00

Nathanias

  • Race: Terran Terran
  • League: Master
  • Spawn Location: 5:00

VOD

Have the link to the VOD?

Description

meeK vs Nathanias

Time

  • Played on: Oct. 21, 2016, 6:53 p.m.
  • Length: 2:54
Show
View Real Time Build Order
Export as new Build Order

meeK Protoss - Winner!

Build Orders:  

Get SALT Encoding   

  12  0:00  Probe (Chrono Boost)  
  13  0:11  Probe (Chrono Boost)  
  14  0:17  Pylon  
  14  0:23  Probe (Chrono Boost)  
  15  0:35  Probe (Chrono Boost)  
  16  0:38  Gateway  
  16  0:45  Assimilator  
  16  0:47  Probe (Chrono Boost)  
  17  0:57  Pylon  
  17  0:59  Probe (Chrono Boost)  
  18  1:16  Gateway  
  18  1:20  Gateway  
  18  1:29  Cybernetics Core  
  19  1:33  Probe (Chrono Boost)  
  19  1:42  Assimilator  
  19  1:44  Probe (Chrono Boost)  
  20  2:00  Probe (Chrono Boost)  
  21  2:07  Stalker (Chrono Boost)  
  25  2:09  Stalker (Chrono Boost)  
  27  2:16  Stalker (Chrono Boost), Probe  
  28  2:25  Pylon  
Show
View Real Time Build Order
Export as new Build Order

Nathanias Terran 

Build Orders: Reaper Expand 

Get SALT Encoding   

  12  0:01  SCV  
  13  0:13  SCV  
  14  0:18  Supply Depot  
  14  0:25  SCV  
  15  0:39  SCV  
  15  0:41  Barracks  
  16  0:46  Refinery  
  16  0:51  SCV  
  17  1:03  SCV  
  18  1:15  SCV  
  19  1:30  Orbital Command, Reaper  
  20  1:43  Command Center  
  20  1:53  Supply Depot  
  20  1:56  SCV  
  21  2:04  Barracks Reactor  
  21  2:08  SCV  
  22  2:20  SCV  
  23  2:26  Factory  
  23  2:31  Refinery  
  23  2:32  SCV  
  23  2:36  Engineering Bay  
Tags
 
Add a new tag
Caveats
  • Supply blocks, unpowered buildings, or Contaminate may cause inaccurate times.
  • Supply counts are checked every 10 seconds.